 Dungeon Crawl Stone Soup version 0.18.1-48-g4cf74bf (webtiles) character file.

84932 MaCx the Bludgeoner (level 15, -1/143 HPs)
             Began as a Minotaur Fighter on Aug 28, 2016.
             Was a High Priest of Okawaru.
             Slain by a merfolk impaler
             ... wielding a +0 trident
              (3 damage)
             ... on level 3 of the Shoals.
             The game lasted 03:38:39 (31313 turns).

MaCx the Bludgeoner (Minotaur Fighter)             Turns: 31313, Time: 03:38:40

Health: -1/143     AC: 31    Str: 32    XL:     15   Next: 36%
Magic:  16/16      EV:  4    Int:  9    God:    Okawaru [*****.]
Gold:   1524       SH:  0    Dex: 11    Spells: 0 memorised, 14 levels left

rFire  . . .     SeeInvis .     V - +8 morningstar of the Vine {crush, Str+7 Int+3}
rCold  + . .     Gourm    .     i - +5 plate armour {ponderous}
rNeg   . . .     Faith    .     c - +1 shield
rPois  .         Spirit   .     (helmet restricted)
rElec  .         Dismiss  .     y - +0 cloak {MR+}
rCorr  .         Reflect  .     u - +2 pair of gloves {rC+}
SustAt .         Harm     .     T - +2 pair of boots {run}
MR     +++..                    o - amulet of rage
Stlth  ..........               A - ring of flight
                                B - ring of protection from magic

@: lethally poisoned (-1 -> -43), flying, held, extremely resistant to hostile
enchantments, extremely unstealthy
A: retaliatory headbutt, horns 2
a: Heroism, Finesse, Renounce Religion, Evoke Berserk Rage, Stop Flying


You were on level 3 of the Shoals.
You worshipped Okawaru.
Okawaru was extremely pleased with you.
You were hungry.

You visited 6 branches of the dungeon, and saw 25 of its levels.
You visited 1 bazaar.
You also visited: Sewer, Ossuary, Ice Cave and Volcano.

You collected 1988 gold pieces.
You spent 464 gold pieces at shops.

Inventory:

Hand Weapons
 V - the +8 morningstar of the Vine (weapon) {crush, Str+7 Int+3}
   (Okawaru gifted it to you on level 3 of the Lair of Beasts)

   It inflicts extra damage upon your enemies.
   It affects your strength (+7).
   It affects your intelligence (+3).
Missiles
 R - 10 silver tomahawks (quivered)
Armour
 b - a +0 cloak of invisibility
 c - a +1 shield (worn)
 i - a +5 plate armour of ponderousness (worn)
 u - a +2 pair of gloves of cold resistance (worn)
 y - a +0 cloak of magic resistance (worn)
 E - a +1 pair of gloves of archery
 T - a +2 pair of boots of running (worn)
Jewellery
 e - an uncursed ring of resist corrosion
 o - an amulet of rage (around neck)
 r - a +3 ring of evasion
 w - an uncursed ring of flight
 x - an uncursed amulet of dismissal
 A - a ring of flight (right hand)
 B - a ring of protection from magic (left hand)
 H - an uncursed ring of see invisible
Wands
 C - a wand of teleportation (5/9)
 F - a wand of lightning (7/15)
Scrolls
 a - 7 scrolls of enchant armour
 j - 2 scrolls of brand weapon {unknown}
 k - 4 scrolls of fog
 n - 5 scrolls of magic mapping
 p - 7 scrolls of fear
 q - 13 scrolls of remove curse
 z - a scroll of amnesia
 I - 2 scrolls of teleportation
Potions
 d - 5 potions of might
 l - a potion of flight
 m - 10 potions of curing
 s - 2 potions of ambrosia
 t - a potion of haste
 v - a potion of magic
 J - a potion of cancellation {unknown}
 P - 2 potions of berserk rage
 X - a potion of resistance
Comestibles
 f - 11 bread rations
 g - 12 meat rations
 h - 10 fruits
 D - a slice of pizza


   Skills:
 + Level 15.6 Fighting
 - Level 16.2 Maces & Flails
 - Level 7.0 Throwing
 + Level 15.5 Armour
 - Level 15.0 Shields
 + Level 3.0 Evocations


You had 14 spell levels left.
You didn't know any spells.

Dungeon Overview and Level Annotations

Branches:
Dungeon (11/15)            Temple (1/1) D:5            Lair (7/8) D:8
 Shoals (3/4) Lair:3        Snake (0/4) Lair:4        Slime (0/6) Lair:6
    Orc (2/2) D:11            Elf (1/3) Orc:2

Altars:
Ashenzari
Cheibriados
Dithmenos
Elyvilon
Fedhas
Gozag
Kikubaaqudgha
Makhleb
Nemelex Xobeh
Okawaru
Pakellas
Qazlal
Ru
Sif Muna
Trog
Vehumet
Xom
Yredelemnul
Zin
The Shining One
Beogh

Shops:
D:6 [   D:9 ((?   Orc:2 !:([   Shoals:1 *


Innate Abilities, Weirdness & Mutations

You reflexively headbutt those who attack you in melee.
You have a pair of horns on your head.


Message History

The merfolk impaler hits you from afar with a trident!
* * * LOW HITPOINT WARNING * * *
The merfolk hits you but does no damage.
The snapping turtle bites you but does no damage.
The merfolk hits you but does no damage.
The merfolk impaler hits you but does no damage.
The merfolk javelineer hits you but does no damage.
You are more poisoned.
The merfolk hits you but does no damage.
The merfolk barely misses you.
The merfolk impaler hits you but does no damage.
You continue taking off your +0 cloak of magic resistance.
* * * LOW HITPOINT WARNING * * *
You feel very sick.
The merfolk impaler hits you from afar with a trident.
* * * LOW HITPOINT WARNING * * *
The merfolk hits you but does no damage.
The snapping turtle bites you but does no damage.
The merfolk impaler hits you from afar with a trident.
You die...

≈≈≈≈≈≈≈ ≈≈≈≈≈≈.
≈≈≈≈≈.. ≈
≈≈≈≈≈.. .≈
≈≈≈≈≈Sm#####..≈
≈...mmmm....≈≈≈
...≈mm....≈≈≈≈≈
#...mm≈@≈≈..≈≈≈
#...tm≈≈≈≈≈.≈≈≈
..≈..mt≈≈≈≈≈≈≈≈
..≈≈......≈≈≈≈≈
..≈≈..###..≈≈≈.
≈≈≈≈.. ......
≈≈≈≈.. #..###
≈≈≈≈.. ..#


You could see 2 merfolk impalers, a merfolk javelineer, a sea snake, 2 snapping
turtles and 8 merfolk.

Vanquished Creatures
  A stone giant (Shoals:2)
  Josephine (D:10)
  Fannar (D:11)
  6 hydras
  A naga warrior (Lair:4)
  The ghost of ayyllmao the Blocker, a journeyman FoFi of Ru (D:11)
  2 merfolk avatars (Shoals:2)
  2 centaur warriors
  5 orc high priests (Orc:2)
  The ghost of Noshyer the Summoner, a novice DrSu of Fedhas (D:8)
  2 unseen horrors
  6 sea snakes
  2 hill giants
  7 orc knights
  A lindwurm (Lair:6)
  Pikel (D:6)
  6 harpies (Shoals:2)
  9 fauns
  5 griffons
  4 cyclopes (Shoals:2)
  2 orc sorcerers (Orc:2)
  4 manticores
  7 black mambas
  2 water nymphs (Shoals:2)
  5 elephants (Lair:7)
  Joseph (D:7)
  5 sirens
  13 spiny frogs
  8 komodo dragons
  A rime drake (Lair:2)
  9 ice devils (IceCv)
  3 merfolk
  A polar bear (Lair:6)
  4 trolls
  4 two-headed ogres
  13 blink frogs
  2 wind drakes
  A boulder beetle (Lair:7)
  Sigmund (D:2)
  7 snapping turtles
  2 shadows (D:11)
  A human (D:8)
  3 wyverns
  4 wraiths (D:10)
  29 yaks
  A water elemental (D:11)
  8 hippogriffs
  2 basilisks
  A hungry ghost (D:11)
  5 vampire mosquitoes (Lair:3)
  2 wargs (Orc:2)
  2 insubstantial wisps (Lair:3)
  4 nagas (Lair:4)
  10 porcupines
  14 water moccasins
  3 slaves (D:6)
  5 ice beasts
  28 orc warriors
  5 sky beasts
  A black bear (D:5)
  2 phantoms
  17 wolves
  10 centaurs
  9 ogres
  19 crocodiles
  20 big kobolds
  4 elf zombies (Ossuary)
  18 giant frogs
  4 scorpions
  17 killer bees
  5 electric eels
  4 wights (D:11)
  4 howler monkeys
  5 crimson imps
  9 hounds
  6 centaur zombies
  11 jellies
  4 human zombies (Ossuary)
  36 orc priests
  11 orc wizards
  4 centaur skeletons
  A giant frog skeleton (D:5)
  Terence (D:2)
  13 iguanas
  8 worker ants
  A killer bee zombie (D:10)
  8 sheep
  A hound zombie (D:10)
  2 hound skeletons
  3 mummies (Ossuary)
  Robin (D:4)
  2 howler monkey skeletons
  4 gnolls (D:8)
  15 adders
  56 river rats
  A hound simulacrum (D:10)
  A shadow imp (D:11)
  7 white imps (IceCv)
  4 ufetubi (IceCv)
  7 oozes
  An adder skeleton (D:7)
  6 worms
  2 dart slugs (D:1)
  4 giant geckos
  67 orcs
  5 ball pythons
  4 giant cockroaches
  13 goblins
  15 hobgoblins
  13 jackals
  38 kobolds
  5 quokkas
  7 bats
  A giant gecko skeleton (D:5)
  4 giant newts
  12 rats
  A plant (Shoals:1)
840 creatures vanquished.

Vanquished Creatures (others)
  A slave (D:7)
  5 white imps (IceCv)
  An ufetubus (IceCv)
  6 fungi
  5 plants
  13 toadstools (Lair:7)
31 creatures vanquished.

Grand Total: 871 creatures vanquished

Notes
Turn   | Place    | Note
--------------------------------------------------------------
     0 | D:1      | MaCx the Minotaur Fighter began the quest for the Orb.
     0 | D:1      | Reached XP level 1. HP: 19/19 MP: 0/0
    46 | D:1      | Reached XP level 2. HP: 26/27 MP: 1/1
   175 | D:2      | Noticed Terence
   201 | D:2      | Killed Terence
   201 | D:2      | Reached skill level 3 in Maces & Flails
   201 | D:2      | Reached XP level 3. HP: 15/33 MP: 2/2
   385 | D:2      | Noticed Sigmund
   390 | D:2      | Reached skill level 4 in Maces & Flails
   448 | D:2      | HP: 1/33 [Sigmund/puff of flame (6)]
  1134 | D:1      | Found a shattered altar of Ashenzari.
  1185 | D:1      | Reached XP level 4. HP: 40/40 MP: 3/3
  1636 | D:2      | Reached skill level 5 in Maces & Flails
  1812 | D:2      | Killed Sigmund
  1812 | D:2      | Reached skill level 7 in Maces & Flails
  1812 | D:2      | Reached XP level 5. HP: 39/46 MP: 4/4
  1812 | D:2      | Reached XP level 6. HP: 44/52 MP: 5/5
  2000 | D:2      | Found a shattered altar of Ashenzari.
  2435 | D:3      | Found a shadowy altar of Dithmenos.
  2446 | D:3      | Noticed an ice beast
  2471 | D:3      | Killed an ice beast
  2471 | D:3      | Reached skill level 8 in Maces & Flails
  2997 | D:4      | Found Budeoxt's Antique Armour Boutique.
  3081 | D:4      | Reached skill level 9 in Maces & Flails
  3081 | D:4      | Reached XP level 7. HP: 45/59 MP: 6/6
  3305 | D:4      | Noticed Robin
  3315 | D:4      | Killed Robin
  3497 | D:4      | Found an oddly glowing altar of Pakellas.
  3584 | D:5      | Entered Level 5 of the Dungeon
  3633 | D:5      | Found a staircase to the Ecumenical Temple.
  3702 | D:5      | Reached skill level 10 in Maces & Flails
  4040 | D:5      | Found a glowing drain.
  4053 | Sewer    | Entered a sewer
  4334 | Sewer    | Reached skill level 11 in Maces & Flails
  4334 | Sewer    | Reached XP level 8. HP: 66/66 MP: 7/7
  4699 | Temple   | Entered the Ecumenical Temple
  4761 | Temple   | Became a worshipper of Warmaster Okawaru
  5291 | D:5      | Reached skill level 12 in Maces & Flails
  5368 | D:6      | Found a sparkling altar of Nemelex Xobeh.
  5428 | D:6      | Noticed Pikel
  5647 | D:6      | Killed Pikel
  5647 | D:6      | Reached * piety under Okawaru
  5647 | D:6      | Reached skill level 13 in Maces & Flails
  5819 | D:6      | Reached XP level 9. HP: 71/71 MP: 8/8
  6122 | D:6      | Found Oreorelu's Armour Shoppe.
  6230 | D:7      | Found a sand-covered staircase.
  6261 | Ossuary  | Entered an ossuary
  6295 | Ossuary  | Reached skill level 14 in Maces & Flails
  6303 | Ossuary  | Reached ** piety under Okawaru
  6714 | D:7      | Noticed Joseph
  6739 | D:7      | Killed Joseph
  6739 | D:7      | Reached skill level 15 in Maces & Flails
  7013 | D:7      | Found a glowing silver altar of Zin.
  7197 | D:7      | Reached skill level 1 in Throwing
  7596 | D:8      | Reached *** piety under Okawaru
  7616 | D:8      | Noticed Noshyer's ghost (novice DrSu)
  7715 | D:8      | Killed Noshyer's ghost
  7715 | D:8      | Reached **** piety under Okawaru
  7715 | D:8      | Reached skill level 5 in Fighting
  7715 | D:8      | Reached skill level 5 in Armour
  7715 | D:8      | Reached XP level 10. HP: 27/81 MP: 7/9
  8022 | D:8      | Reached skill level 5 in Shields
  8211 | D:8      | Got a twisted mace
  8212 | D:8      | Identified the cursed +2 mace of the Pariah {crush, rC++ rN+++ Int-3} (You found it on level 8 of the Dungeon)
  8408 | D:8      | Received a gift from Okawaru
  8774 | D:8      | Found a staircase to the Lair.
  9036 | D:6      | Bought a +0 pair of boots of running for 315 gold pieces
  9467 | Lair:1   | Entered Level 1 of the Lair of Beasts
  9608 | Lair:1   | Reached ***** piety under Okawaru
  9908 | Lair:1   | Noticed an eight-headed hydra
  9935 | Lair:1   | Killed an eight-headed hydra
  9935 | Lair:1   | Received a gift from Okawaru
  9935 | Lair:1   | Reached skill level 5 in Throwing
  9935 | Lair:1   | Reached XP level 11. HP: 92/92 MP: 10/10
 10205 | Lair:1   | Received a gift from Okawaru
 10888 | Lair:2   | Received a gift from Okawaru
 11230 | Lair:2   | Received a gift from Okawaru
 12444 | Lair:2   | Received a gift from Okawaru
 12890 | Lair:2   | Received a gift from Okawaru
 12951 | Lair:3   | Noticed a four-headed hydra
 12968 | Lair:3   | Killed a four-headed hydra
 13280 | Lair:3   | Noticed a five-headed hydra
 13293 | Lair:3   | Killed a five-headed hydra
 13447 | Lair:3   | Found a staircase to the Shoals.
 13465 | Lair:3   | Found a frozen archway.
 13486 | IceCv    | Entered an ice cave
 13752 | IceCv    | Reached XP level 12. HP: 85/105 MP: 11/11
 14607 | IceCv    | Received a gift from Okawaru
 14819 | IceCv    | Got a smoking demon blade
 15075 | Lair:3   | Received a gift from Okawaru
 15075 | Lair:3   | Reached skill level 10 in Armour
 15078 | Lair:3   | Reached skill level 10 in Fighting
 15078 | Lair:3   | Reached skill level 10 in Shields
 15486 | Lair:3   | Received a gift from Okawaru
 16340 | Lair:3   | Received a gift from Okawaru
 16342 | Lair:3   | Got a jewelled morningstar {god gift}
 16351 | Lair:3   | Identified the +8 morningstar of the Vine {crush, Str+7 Int+3} (Okawaru gifted it to you on level 3 of the Lair of Beasts)
 16537 | Lair:3   | Noticed a seven-headed hydra
 16547 | Lair:3   | Killed a seven-headed hydra
 16941 | Lair:4   | Found a staircase to the Snake Pit.
 16973 | Lair:4   | Reached skill level 16 in Maces & Flails
 17193 | Lair:4   | Noticed a four-headed hydra
 17205 | Lair:4   | Killed a four-headed hydra
 17568 | Lair:4   | Received a gift from Okawaru
 17797 | Lair:4   | Noticed a naga warrior
 17817 | Lair:4   | Killed a naga warrior
 18449 | Lair:5   | Reached XP level 13. HP: 116/116 MP: 12/12
 19145 | Lair:6   | Found a dark tunnel.
 19154 | Volcano  | Entered a volcano
 19654 | Lair:2   | Identified a scroll of acquirement
 19870 | Lair:6   | Found a staircase to the Slime Pits.
 20763 | Lair:7   | Reached ****** piety under Okawaru
 20763 | Lair:7   | Received a gift from Okawaru
 21985 | D:9      | Found Reatzuavi's Weapon Emporium.
 22159 | D:9      | Found Ciymp's Antique Weapon Emporium.
 22324 | D:9      | Found Plog's Magic Scroll Boutique.
 22911 | D:10     | Entered Level 10 of the Dungeon
 23204 | D:10     | Received a gift from Okawaru
 23382 | D:10     | Noticed Josephine
 23395 | D:10     | Killed Josephine
 23639 | D:11     | Found a staircase to the Orcish Mines.
 23794 | D:11     | Reached XP level 14. HP: 117/129 MP: 13/13
 23812 | D:11     | Received a gift from Okawaru
 23841 | D:11     | Got a scorched great mace {god gift}
 23843 | D:11     | Identified the +0 great mace of Saliy {flame, +Inv} (Okawaru gifted it to you on level 11 of the Dungeon)
 23855 | D:11     | Found a shadowy altar of Dithmenos.
 24409 | D:11     | Noticed ayyllmao's ghost (journeyman FoFi)
 24422 | D:11     | Killed ayyllmao's ghost
 24605 | D:11     | Noticed Fannar
 24641 | D:11     | Killed Fannar
 26065 | Orc:1    | Entered Level 1 of the Orcish Mines
 26260 | Orc:2    | Entered Level 2 of the Orcish Mines
 26348 | Orc:2    | Found a gateway to a bazaar.
 26358 | Orc:2    | Found a roughly hewn altar of Beogh.
 26417 | Bazaar   | Entered a bazaar
 26417 | Bazaar   | Found Siepnute's General Store.
 26417 | Bazaar   | Found Cupnats's Antique Weapon Shop.
 26436 | Bazaar   | Bought a scroll of identify for 22 gold pieces
 26444 | Bazaar   | Found Pirhupuff's Antique Armour Shop.
 26562 | Orc:2    | Found a staircase to the Elven Halls.
 26994 | Orc:2    | Received a gift from Okawaru
 27145 | Elf:1    | Entered Level 1 of the Elven Halls
 27156 | Orc:2    | HP: 4/132 [sun demon[an orc high priest] (13)]
 27643 | Orc:1    | HP: 5/132 [troll (5)]
 28537 | Orc:2    | Found Visud's Antique Armour Emporium.
 28537 | Orc:2    | Found Guwnuj's Antique Weapon Emporium.
 28538 | Orc:2    | Found Qoutaosi's Book Shoppe.
 28538 | Orc:2    | Found Munaen's Distillery.
 28552 | Orc:2    | Bought a potion of heal wounds for 55 gold pieces
 28552 | Orc:2    | Bought a potion of might for 44 gold pieces
 28991 | Shoals:1 | Entered Level 1 of the Shoals
 29403 | Shoals:1 | Found Ussumeud's General Store.
 29474 | Shoals:1 | Bought a scroll of identify for 28 gold pieces
 29925 | Shoals:2 | Reached skill level 15 in Fighting
 30126 | Shoals:2 | Reached XP level 15. HP: 125/141 MP: 14/14
 30168 | Shoals:2 | Received a gift from Okawaru
 30260 | Shoals:2 | Reached skill level 15 in Armour
 30322 | Shoals:2 | Reached skill level 15 in Shields
 30399 | Shoals:2 | Reached skill level 1 in Evocations
 31312 | Shoals:3 | HP: 7/143 [merfolk impaler/trident (7)]
 31313 | Shoals:3 | HP: 2/143 [merfolk impaler/trident (2)]
 31313 | Shoals:3 | Slain by a merfolk impaler

Skill      XL: |  1  2  3  4  5  6  7  8  9 10 11 12 13 14 15 |
---------------+----------------------------------------------+-----
Fighting       | 4 5 7 9 11 13 15 | 15.6
Maces & Flails | 3 4 7 9 11 13 15 16 | 16.2
Armour         | 5 7 9 11 13 14 15 | 15.5
Throwing       | 2 5 7 |  7.0
Shields        | 4 7 9 11 13 14 15 | 15.0
Evocations     | 3 |  3.0

Action                   |  1- 3 |  4- 6 |  7- 9 | 10-12 | 13-15 || total
-------------------------+-------+-------+-------+-------+-------++-------
Melee: Flail             |    34 |       |       |       |       ||    34
       Headbutt          |     8 |    14 |   125 |   206 |   245 ||   598
       Mace              |    19 |   133 |   709 |   809 |       ||  1670
       Great mace        |       |       |       |    10 |       ||    10
       Morningstar       |       |       |       |   145 |  1136 ||  1281
Throw: Tomahawk          |       |       |       |       |     5 ||     5
Invok: Heroism           |       |       |     1 |       |     2 ||     3
       Finesse           |       |       |       |       |     1 ||     1
 Abil: Evoke Berserk Rag |       |       |     2 |     5 |       ||     7
       Evoke Flight      |       |       |       |       |     4 ||     4
  Use: Scroll            |     1 |     2 |     5 |    13 |    26 ||    47
       Potion            |       |       |       |       |    15 ||    15
  Eat: Chunk             |       |     7 |    15 |    13 |    32 ||    67
       Beef jerky        |       |       |     1 |       |       ||     1
       Bread ration      |       |       |       |     3 |       ||     3
       Pizza             |       |       |       |     3 |       ||     3
       Meat ration       |       |       |       |     2 |       ||     2
       Fruit             |       |       |       |       |     3 ||     3
       Royal jelly       |       |       |       |       |     2 ||     2
Armor: Scale mail        |    30 |    47 |   201 |   184 |       ||   462
       Plate armour      |       |       |       |       |   449 ||   449
Dodge: Dodged            |    15 |    43 |   168 |   281 |   225 ||   732
Block: Shield            |    22 |    49 |   252 |   404 |   641 ||  1368
